Map: Acropolis LE

Players

llllllllllll (Stats) - Winner!

  • Race: Protoss Protoss
  • League: Master
  • Spawn Location: 11:00

Zanster

  • Race: Zerg Zerg
  • Spawn Location: 5:00

Event: HomeStory Cup XX

VOD

Have the link to the VOD?

Description

Time

  • Played on: Nov. 22, 2019, 9:41 a.m.
  • Length: 24:37

All games in this series

Show
View Real Time Build Order
Export as new Build Order

llllllllllll Protoss - Winner!

Build Orders: 1 Gate Expand, Oracle Opening, Carriers, Zealot Archon 

Get SALT Encoding   

  12  0:00  Probe  
  13  0:13  Probe  
  14  0:20  Pylon  
  14  0:25  Probe  
  15  0:28  Assimilator  
  15  0:34  Probe  
  16  0:43  Probe  
  16  0:45  Gateway  
  17  0:52  Probe  
  18  1:04  Probe  
  19  1:16  Probe  
  20  1:23  Nexus  
  20  1:32  Cybernetics Core  
  20  1:35  Probe  
  21  1:40  Assimilator  
  21  1:47  Probe  
  21  1:50  Pylon  
  22  1:59  Probe  
  23  2:09  Probe, Adept  
  23  2:12  Stargate  
  26  2:17  Probe  
  26  2:20  Warp Gate  
  27  2:26  Probe  
  28  2:31  Probe  
  29  2:38  Probe  
  29  2:39  Probe, Stalker  
  33  2:47  Oracle  
  33  2:49  Probe  
  33  2:50  Probe  
  38  3:01  Probe  
  38  3:02  Probe  
  40  3:05  Pylon  
  40  3:13  Probe  
  40  3:14  Probe  
  40  3:16  Oracle  
  42  3:20  Gateway  
  42  3:22  Assimilator  
  42  3:25  Probe  
  42  3:26  Probe  
  47  3:37  Assimilator, Probe  
  47  3:38  Probe  
  47  3:39  Pylon  
  49  3:49  Probe  
  49  3:50  Probe  
  49  3:54  Robotics Facility  
  51  4:01  Probe  
  53  4:02  Probe  
  53  4:09  Nexus  
  53  4:11  Sentry  
  53  4:13  Probe  
  53  4:14  Probe  
  53  4:16  Sentry  
  59  4:17  Pylon  
  59  4:18  Pylon  
  59  4:26  Probe  
  59  4:27  Probe  
  59  4:29  Immortal  
  61  4:38  Probe  
  59  4:39  Probe, Sentry  
  59  4:40  Sentry  
  68  4:50  Probe  
  68  4:51  Probe  
  70  4:53  Forge  
  70  4:56  Twilight Council  
  70  5:02  Probe, Observer  
  70  5:03  Probe  
  70  5:04  Protoss Ground Weapons Level 1  
  72  5:12  Adept, Zealot  
  77  5:14  Probe  
  77  5:21  Probe x2  
  79  5:26  Probe  
  79  5:28  Gateway  
  81  5:30  Gateway  
  81  5:31  Gateway  
  81  5:32  Gateway  
  81  5:33  Probe, Charge  
  83  5:35  Probe  
  83  5:38  Probe  
  83  5:39  Templar Archives  
  84  5:45  Probe  
  85  5:52  Probe  
  85  5:53  Probe  
  85  5:56  Immortal  
  85  5:57  Probe  
  85  6:01  Assimilator, Phoenix x2  
  85  6:03  Assimilator  
  90  6:04  Pylon  
  90  6:05  Gateway  
  90  6:06  Gateway  
  90  6:08  Probe x2  
  90  6:09  Probe  
  93  6:14  Pylon  
  93  6:15  Photon Cannon  
  93  6:17  Shield Battery  
  93  6:22  Pylon  
  93  6:23  Pylon  
  93  6:25  High Templar x2  
  97  6:31  Archon  
  97  6:34  Photon Cannon  
  97  6:36  Warp Prism  
  97  6:37  High Templar x2  
  97  6:38  Pylon  
  97  6:39  Pylon  
  101  6:41  Archon  
  101  6:43  Probe  
  104  6:50  Psionic Storm  
  104  6:56  Protoss Ground Weapons Level 2  
  104  6:57  Nexus  
  104  7:01  Pylon  
  104  7:04  Pylon  
  104  7:10  High Templar x2  
  104  7:12  Gateway  
  104  7:13  Gateway  
  108  7:15  Pylon  
  108  7:22  Zealot x3  
  114  7:23  Zealot  
  114  7:24  Shield Battery  
  114  7:26  Shield Battery  
  116  7:30  Shield Battery  
  116  7:31  Shield Battery  
  116  7:38  Zealot  
  116  7:44  High Templar x2  
  120  7:48  Probe x3  
  125  7:54  Assimilator  
  125  7:58  Assimilator  
  125  8:02  Probe x2, Photon Cannon  
  125  8:03  Probe  
  125  8:04  Photon Cannon  
  126  8:07  Photon Cannon  
  126  8:08  High Templar x2  
  126  8:10  Fleet Beacon  
  130  8:15  Photon Cannon  
  130  8:16  Photon Cannon  
  130  8:21  Shield Battery  
  130  8:23  Pylon  
  130  8:25  Probe x3  
  130  8:26  Probe  
  130  8:27  Pylon  
  134  8:32  Stargate x2  
  134  8:37  Probe x2  
  134  8:38  Probe x2  
  134  8:39  Protoss Air Weapons Level 1  
  134  8:40  Mothership, Photon Cannon  
  138  8:42  Photon Cannon  
  138  8:55  Shield Battery x2  
  138  8:56  Shield Battery  
  138  8:59  Photon Cannon  
  138  9:00  Pylon  
  138  9:02  Protoss Ground Weapons Level 3  
  144  9:06  Carrier x2  
  144  9:14  Carrier  
  158  9:33  Cybernetics Core  
  158  9:37  Photon Cannon  
  158  9:40  Pylon  
  158  10:03  Carrier x2  
  158  10:10  Nexus  
  158  10:11  Pylon  
  158  10:13  Pylon  
  170  10:19  Void Ray  
  170  10:21  Unknown  
  170  10:22  Stalker x6  
  175  10:53  Protoss Air Weapons Level 2  
  175  10:56  Void Ray  
  179  11:06  Void Ray x2  
  179  11:09  Nexus  
  179  11:10  Pylon  
  187  11:13  Pylon  
  187  11:16  Protoss Air Armor Level 1  
  187  11:23  Assimilator  
  185  11:27  Photon Cannon x2  
  185  11:28  Assimilator  
  185  11:29  Shield Battery  
  185  11:31  Blink  
  185  11:32  Shield Battery  
  185  11:33  Shield Battery  
  185  11:35  Shield Battery  
  185  11:36  Shield Battery  
  185  11:38  Photon Cannon  
  185  11:39  Photon Cannon, Carrier x2  
  185  11:41  Photon Cannon  
  185  11:42  Photon Cannon  
  185  11:44  Shield Battery  
  185  11:46  Shield Battery  
  185  11:50  Protoss Shields Level 1  
  197  12:03  Photon Cannon  
  197  12:04  Photon Cannon, Shield Battery  
  197  12:09  Photon Cannon  
  197  12:10  Photon Cannon  
  197  12:35  Warp Prism  
  197  12:59  Gateway  
  197  13:00  Gateway  
  197  13:03  Gateway  
  197  13:06  Gateway  
  197  13:10  Dark Shrine  
  187  13:28  Protoss Air Armor Level 2  
  187  13:32  Protoss Air Weapons Level 3  
  187  13:33  Observer  
  169  13:40  Void Ray x2  
  169  13:41  Void Ray  
  169  13:59  Protoss Shields Level 2  
  169  14:12  Stargate  
  169  14:14  Stargate  
  169  14:16  Stargate  
  169  14:18  Carrier  
  169  14:19  Stargate  
  169  14:21  Carrier x2  
  169  14:22  Stargate, Shadow Stride  
  160  14:55  Mothership  
  160  14:58  Oracle x2  
  156  15:03  Void Ray  
  156  15:04  Void Ray  
  137  15:10  Observer  
  137  15:13  Void Ray  
  156  15:15  Void Ray  
  164  15:24  Nexus  
  164  15:26  Shield Battery  
  164  15:28  Shield Battery  
  168  15:30  Shield Battery  
  168  15:32  Shield Battery  
  168  15:35  Photon Cannon  
  168  15:36  Photon Cannon  
  168  15:37  High Templar x2  
  168  15:38  High Templar, Photon Cannon  
  168  15:39  High Templar, Photon Cannon  
  168  15:40  High Templar x2  
  168  15:42  Pylon  
  180  15:43  Archon x3  
  180  15:46  Void Ray  
  180  15:47  Void Ray x2  
  192  15:50  Observer  
  191  16:26  Dark Templar x2  
  191  16:27  Dark Templar  
  197  16:51  Protoss Shields Level 3  
  197  17:01  Nexus  
  197  17:04  Pylon  
  197  17:05  Assimilator, Protoss Air Armor Level 3  
  197  17:10  Assimilator  
  195  17:29  Pylon  
  193  17:38  Pylon  
  191  17:53  Shield Battery x2  
  191  17:55  Shield Battery  
  191  17:56  Shield Battery  
  191  17:58  Shield Battery  
  191  17:59  Photon Cannon  
  191  18:00  Photon Cannon  
  191  18:01  Photon Cannon  
  191  18:03  Photon Cannon  
  191  18:04  Photon Cannon  
  191  18:11  Stalker x4  
  199  18:35  Nexus  
  199  18:37  Pylon  
  197  18:51  Assimilator  
  197  18:52  Warp Prism  
  199  18:55  Assimilator  
  199  19:00  Shield Battery  
  199  19:02  Shield Battery  
  199  19:04  Shield Battery  
  199  19:06  Shield Battery  
  199  19:07  Shield Battery  
  199  19:09  Photon Cannon  
  199  19:11  Photon Cannon  
  199  19:12  Photon Cannon  
  199  19:13  Photon Cannon x2  
  199  19:14  Photon Cannon  
  199  19:16  Photon Cannon  
  199  19:19  Pylon  
  199  19:24  Pylon  
  199  19:45  Protoss Ground Armor Level 1  
  195  20:18  Dark Templar x2  
  199  20:25  Pylon  
  199  20:37  Stalker  
  199  20:38  Stalker  
  163  21:21  Mothership  
  147  21:28  Carrier x4  
  147  21:31  Void Ray x4  
  189  21:42  Warp Prism  
  191  21:48  Nexus, Pylon  
  191  22:01  Nexus  
  191  22:02  High Templar x4  
  191  22:04  Pylon  
  193  22:13  Dark Templar  
  193  22:14  Dark Templar  
  184  22:20  Carrier x2  
  190  22:23  Carrier  
  190  22:25  Carrier  
  190  22:32  Carrier  
  190  22:36  Observer  
  197  22:51  Assimilator  
  197  22:52  Assimilator, Shield Battery x2  
  197  22:54  Warp Prism, Shield Battery  
  197  22:55  Shield Battery  
  197  22:56  Photon Cannon  
  197  22:58  Photon Cannon x2  
  197  22:59  Photon Cannon  
  197  23:02  Shield Battery  
  197  23:03  Photon Cannon  
  195  23:07  Photon Cannon  
  195  23:27  Nexus  
  195  23:29  Pylon  
  191  23:51  Dark Templar x4, Pylon  
  191  23:53  Shield Battery  
  191  23:54  Pylon  
  191  23:55  Shield Battery  
  199  23:57  Shield Battery x2  
  199  24:02  Shield Battery  
  199  24:03  Photon Cannon  
  199  24:04  Photon Cannon  
  199  24:06  Photon Cannon  
  199  24:08  Photon Cannon  
Show
View Real Time Build Order
Export as new Build Order

Zanster Zerg 

Build Orders: Hatch First, Lurkers 

Get SALT Encoding   

  12  0:00  Drone  
  13  0:12  Overlord  
  13  0:17  Drone  
  14  0:30  Drone x2  
  16  0:48  Hatchery  
  15  0:50  Drone  
  15  0:54  Drone  
  17  0:57  Drone  
  18  1:08  Extractor  
  17  1:13  Spawning Pool  
  17  1:15  Drone  
  18  1:18  Drone  
  18  1:27  Drone  
  19  1:38  Drone  
  20  1:49  Drone  
  21  1:59  Queen  
  21  2:00  Overlord, Queen  
  25  2:02  Zergling x2  
  26  2:11  Zergling x2, Drone  
  26  2:14  Metabolic Boost  
  28  2:21  Drone x2  
  30  2:33  Drone x2  
  32  2:37  Hatchery  
  31  2:44  Queen  
  31  2:47  Drone  
  34  2:51  Overlord  
  34  2:53  Drone  
  34  2:55  Drone  
  36  3:04  Overlord  
  36  3:13  Drone x6  
  36  3:14  Drone  
  36  3:18  Drone  
  44  3:22  Queen  
  46  3:28  Overlord  
  46  3:31  Drone  
  46  3:33  Spore Crawler  
  46  3:34  Spore Crawler, Drone  
  46  3:40  Overlord, Drone  
  47  3:43  Drone  
  47  3:44  Drone x2  
  50  3:51  Queen  
  50  3:52  Drone  
  50  3:54  Drone  
  54  3:58  Drone x3  
  54  4:02  Drone x2  
  59  4:06  Spore Crawler  
  59  4:08  Drone  
  59  4:12  Zergling x4  
  59  4:15  Overlord  
  61  4:18  Drone x3  
  64  4:24  Drone x2  
  63  4:33  Drone  
  63  4:34  Drone x6  
  63  4:37  Drone x2  
  71  4:38  Lair  
  71  4:41  Overlord  
  71  4:45  Overlord  
  71  4:47  Drone  
  71  4:48  Evolution Chamber  
  71  4:49  Drone x2  
  73  4:52  Overlord  
  73  4:55  Extractor  
  73  4:57  Hatchery, Extractor  
  70  5:02  Drone x2  
  70  5:03  Extractor  
  70  5:04  Extractor, Drone  
  70  5:06  Zergling x2  
  72  5:11  Extractor  
  72  5:12  Zergling x8  
  75  5:17  Baneling Nest  
  75  5:18  Zerg Missile Weapons Level 1  
  75  5:20  Zergling x14  
  81  5:28  Overlord  
  81  5:29  Drone  
  81  5:30  Drone  
  83  5:36  Drone x2  
  83  5:37  Overseer  
  83  5:41  Hydralisk Den  
  84  5:48  Zergling x20  
  88  5:52  Zergling x6  
  84  6:05  Overlord  
  84  6:11  Grooved Spines  
  84  6:13  Drone x5  
  84  6:15  Hydralisk, Drone x3  
  84  6:16  Hydralisk x3  
  99  6:23  Hydralisk  
  99  6:24  Hydralisk x2  
  105  6:30  Lurker Den  
  104  6:33  Hydralisk x3  
  104  6:35  Drone x3  
  104  6:39  Drone  
  114  6:45  Drone x5  
  119  6:48  Spore Crawler  
  119  6:49  Drone  
  119  6:50  Overlord x3  
  119  6:52  Overlord  
  119  6:58  Drone  
  119  7:04  Overlord  
  119  7:12  Drone x9  
  119  7:15  Drone  
  126  7:16  Drone x3  
  126  7:18  Extractor  
  126  7:19  Hatchery, Extractor  
  126  7:20  Zerg Missile Weapons Level 2  
  126  7:24  Evolution Chamber  
  126  7:26  Muscular Augments, Overlord  
  125  7:33  Hydralisk x4  
  133  7:40  Hydralisk x3  
  133  7:43  Overlord  
  138  7:50  Infestation Pit  
  138  7:51  Spire  
  135  7:53  Hydralisk x3  
  135  7:55  Overlord  
  140  8:03  Drone  
  140  8:04  Drone x9  
  148  8:08  Overlord x2  
  148  8:11  Lurker x2  
  148  8:12  Lurker  
  152  8:13  Lurker  
  152  8:17  Hydralisk x3  
  157  8:22  Overseer  
  157  8:26  Hive  
  157  8:27  Zerg Ground Armor Level 1  
  157  8:31  Drone  
  157  8:32  Drone  
  157  8:33  Extractor  
  157  8:34  Drone x5  
  160  8:35  Extractor  
  160  8:37  Hydralisk x4  
  170  8:45  Zergling x16  
  177  8:59  Pneumatized Carapace  
  177  9:16  Corruptor  
  177  9:17  Corruptor x9  
  196  9:29  Overseer  
  196  9:31  Zerg Flyer Armor Level 1  
  196  9:35  Overseer x2  
  196  9:38  Zerg Missile Weapons Level 3  
  196  9:44  Seismic Spines  
  196  9:53  Spine Crawler  
  196  9:54  Spine Crawler x2  
  196  9:55  Spine Crawler  
  196  9:56  Spine Crawler  
  196  9:57  Hatchery, Spine Crawler  
  196  9:58  Hatchery, Spine Crawler, Drone x3  
  189  10:26  Lurker  
  189  10:27  Lurker x10  
  198  10:34  Zerg Ground Armor Level 2  
  198  10:44  Hydralisk  
  200  10:50  Spine Crawler  
  200  10:52  Spine Crawler  
  200  10:53  Spine Crawler  
  200  10:54  Spine Crawler x2, Overlord  
  200  10:56  Spine Crawler  
  186  11:00  Adaptive Talons  
  186  11:04  Corruptor x6  
  190  11:18  Extractor  
  190  11:22  Extractor  
  190  11:23  Spore Crawler, Drone  
  190  11:24  Spore Crawler, Corruptor x2, Drone x5  
  190  11:25  Spore Crawler x3, Corruptor x2  
  198  11:26  Spore Crawler  
  198  11:27  Zerg Flyer Armor Level 2  
  195  11:34  Overseer  
  195  11:35  Overseer  
  195  11:47  Drone x4  
  195  11:50  Spore Crawler  
  195  11:52  Spore Crawler  
  195  11:53  Spore Crawler  
  195  11:54  Spore Crawler  
  195  11:55  Spore Crawler x2  
  193  12:05  Spore Crawler x5  
  193  12:06  Pathogen Glands  
  193  12:07  Spore Crawler, Viper x2  
  193  12:27  Lurker x2, Corruptor x2  
  197  12:48  Lurker  
  197  12:49  Lurker x2  
  200  12:54  Zerg Ground Armor Level 3  
  200  12:55  Zerg Melee Weapons Level 1  
  194  13:34  Corruptor x2  
  176  13:36  Overlord x3  
  176  13:39  Overlord  
  169  13:45  Corruptor x6  
  177  13:52  Overlord x2  
  177  13:54  Zerg Flyer Weapons Level 1  
  177  13:55  Corruptor x11  
  199  14:08  Overlord x3  
  183  14:41  Corruptor x15  
  183  14:43  Overseer x2  
  184  14:55  Corruptor x9  
  184  14:59  Hydralisk  
  186  15:00  Hydralisk  
  176  15:11  Corruptor  
  176  15:12  Corruptor x2  
  180  15:21  Overseer  
  180  15:23  Hydralisk x5  
  191  15:35  Lurker  
  191  15:36  Lurker  
  192  15:51  Lurker x5  
  192  15:53  Hydralisk  
  199  16:01  Zerg Flyer Weapons Level 2  
  199  16:16  Hydralisk x2  
  196  16:30  Hydralisk x4  
  198  16:34  Hydralisk x3  
  198  16:35  Overseer  
  198  16:36  Overseer x2  
  198  16:55  Lurker  
  198  16:56  Lurker  
  200  17:02  Spore Crawler  
  200  17:04  Spore Crawler  
  200  17:05  Spore Crawler  
  197  17:12  Lurker x3  
  199  17:21  Lurker x2, Spore Crawler  
  189  17:40  Lurker x2  
  189  17:41  Lurker  
  188  17:53  Hydralisk x6  
  196  18:09  Hatchery  
  196  18:11  Overlord  
  196  18:12  Overlord x2  
  195  18:18  Lurker x5  
  195  18:19  Lurker  
  199  18:24  Spore Crawler x3  
  199  18:25  Spore Crawler  
  199  18:26  Infestor x3  
  199  18:27  Spore Crawler  
  198  18:43  Viper  
  198  18:45  Spore Crawler, Viper  
  200  18:55  Neural Parasite  
  200  18:58  Zerg Flyer Armor Level 3  
  200  19:09  Spore Crawler  
  199  19:10  Spore Crawler  
  199  19:11  Spore Crawler, Drone x3  
  199  19:12  Spore Crawler x2  
  198  19:39  Infestor  
  198  19:42  Spore Crawler  
  198  19:43  Spore Crawler, Infestor  
  198  20:20  Spore Crawler  
  197  20:22  Spore Crawler  
  195  20:34  Hatchery  
  186  21:00  Corruptor x8  
  183  21:19  Corruptor x14  
  173  21:29  Corruptor x6  
  173  21:30  Corruptor x2  
  173  21:32  Hydralisk  
  137  21:44  Lurker x3  
  137  21:45  Lurker  
  138  21:53  Hydralisk  
  138  21:54  Hydralisk  
  138  21:56  Overseer  
  136  22:10  Hydralisk x2  
  126  22:17  Drone x7  
  126  22:21  Extractor  
  128  22:23  Extractor  
  128  22:27  Overseer x2  
  125  22:35  Zergling x2  
  125  22:36  Zergling x14  
  125  22:41  Hydralisk  
  125  22:42  Hydralisk  
  127  22:58  Hydralisk  
  127  22:59  Hydralisk, Zergling x20  
  141  23:07  Hydralisk  
  143  23:23  Hydralisk x4  
  151  23:31  Hydralisk x2  
  152  23:45  Overseer  
  148  24:08  Hydralisk x3  
Tags
 
Add a new tag
Caveats
  • Supply blocks, unpowered buildings, or Contaminate may cause inaccurate times.
  • Supply counts are checked every 10 seconds.